 Dungeon Crawl Stone Soup version 0.27-a0-1090-gb115f176c6 (console) character file.

Game seed: 17914235163128664466

65 nht the Firebug (level 3, -3/24 HPs)
             Began as a Demonspawn Fire Elementalist on Apr 27, 2021.
             Slain by an orc wizard
             ... wielding a +0 dagger
              (4 damage)
             ... on level 3 of the Dungeon.
             The game lasted 00:03:28 (1727 turns).

nht the Firebug (Demonspawn Fire Elementalist)      Turns: 1727, Time: 00:03:29

Health: -3/24      AC:  3    Str:  8    XL:     3   Next: 92%
Magic:  6/6        EV: 12    Int: 17    God:
Gold:   70         SH:  0    Dex: 13    Spells: 5/6 levels left

rFire    . . .     SeeInvis .   c - +2 hand axe (drain)
rCold    . . .     Faith    .   (no shield)
rNeg     . . .     Spirit   .   a - +1 robe
rPois    .         Reflect  .   (no helmet)
rElec    .         Harm     .   (no cloak)
rCorr    .         Rampage  .   (no gloves)
Will     .....                  (no boots)
Stlth    ++........             (no amulet)
HPRegen  0.08/turn              (no ring)
MPRegen  0.10/turn              (no ring)

@: no status effects
A: hooves 1
a: no special abilities


You were on level 3 of the Dungeon.
You visited 1 branch of the dungeon, and saw 3 of its levels.

You collected 70 gold pieces.

Inventory:

Hand Weapons
 c - a +2 hand axe of draining (weapon)
Armour
 a - a +1 robe (worn)
Scrolls
 e - a scroll of immolation


   Skills:
 - Level 1.7 Dodging
 - Level 1.7 Stealth
 - Level 2.0 Spellcasting
 + Level 2.7 Conjurations
 + Level 3.6 Fire Magic


You had 5 spell levels left.
You knew the following spells:

 Your Spells              Type           Power      Damage    Failure   Level
a - Foxfire               Conj/Fire      48%        2x1d6     5%          1

Your spell library contained the following spells:

 Spells                   Type           Power      Damage    Failure   Level
 Conjure Flame            Conj/Fire      12%        6-21      16%         3
 Inner Flame              Hex/Fire       7%         N/A       26%         3
 Sticky Flame             Conj/Fire      12%        2d4       45%         4
 Fireball                 Conj/Fire      6%         3d5       82%         5


Dungeon Overview and Level Annotations

Branches:
Dungeon (3/15)

Altars:

Annotations:
D:3 Robin


Innate Abilities, Weirdness & Mutations

You have large cloven feet.


Message History

Level annotation: Robin You hear the slow rusting of a drain nearby. 3 orcs and an orc wizard come into view.
The orc shouts! x2
The orc barely misses you. The orc wizard misses you.
The orc closely misses you. x2; The orc hits you with a +0 dagger.
The orc wizard gestures at you while chanting.
The magic dart hits you!
Found a pair of gloves.
There is a stone staircase leading up here.
Unknown command.
You aren't carrying any potions.
You hit the orc wizard but do no damage.
You hit the orc. You drain the orc. You hit the orc. You closely miss the orc.
The orc barely misses you. The orc hits you with a +0 dagger.
The orc wizard hits you with a +0 dagger.
* * * LOW HITPOINT WARNING * * *
The orc closely misses you. The orc completely misses you.
Unknown command.
You hit the orc.
You kill the orc!
You hit the orc but do no damage. You hit the orc.
You completely miss the orc wizard. The orc hits you but does no damage. x2
The orc wizard hits you with a +0 dagger.
* * * LOW HITPOINT WARNING * * *
Unknown command.
You are too injured to fight recklessly!
You barely miss the orc.
The orc is heavily wounded.
You barely miss the orc wizard. You hit the orc but do no damage.
You drain the orc.
You kill the orc!
The orc hits you but does no damage.
The orc wizard hits you with a +0 dagger.
* * * LOW HITPOINT WARNING * * *
You hit the orc.
You kill the orc!
You hit the orc wizard. You drain the orc wizard. The orc wizard misses you.
The orc wizard hits you with a +0 dagger.
You die... █████

██...██
█.█.).⌠.█
█.[..@).█
█.█.⌠)o.█
██...██


█████ You could see an orc wizard (drained).

Vanquished Creatures
  A gnoll (D:1)
  An adder (D:2)
  A worm (D:2)
  A dart slug (D:1)
  3 orcs (D:3)
  2 ball pythons (D:1)
  A bat (D:1)
  4 endoplasms (D:1)
  7 goblins
  6 hobgoblins
  2 jackals (D:1)
  3 frilled lizards
  4 kobolds
  3 rats (D:1)
39 creatures vanquished.

Vanquished Creatures (others)
  78 foxfires
  4 plants (D:1)
82 creatures vanquished.

Grand Total: 121 creatures vanquished

Notes
Turn   | Place    | Note
-------+----------+-------------------------------------------
     0 | D:1      | nht the Demonspawn Fire Elementalist began the quest for
                  | the Orb.
     0 | D:1      | Reached XP level 1. HP: 13/13 MP: 3/3
   516 | D:1      | Reached skill level 3 in Fire Magic
   521 | D:1      | Gained mutation: You have large cloven feet. [demonic
                  | ancestry]
   521 | D:1      | Reached XP level 2. HP: 19/19 MP: 0/5
  1299 | D:1      | Reached XP level 3. HP: 24/24 MP: 2/6
  1657 | D:3      | Noticed Robin
  1670 | D:3      | HP: 1/24 [hobgoblin[Robin] (4)]
  1726 | D:3      | HP: 1/24 [orc wizard/+0 dagger (3)]
  1727 | D:3      | Slain by an orc wizard

Illustrated notes

Levels and vault maps discovered:
D:1:      dpeg_arrival_simpleton_a, layout_basic, serial_forest,
          infiniplex_forest_straight_1, infiniplex_forest_zigzag_1,
          infiniplex_forest_end_3, infiniplex_forest_lined_corner,
          infiniplex_forest_split, infiniplex_forest_lined_ring,
          infiniplex_forest_clump_double, infiniplex_forest_fountain,
          infiniplex_forest_fountain, infiniplex_forest_clump_medium
D:2:      layout_loops_cross, hellmonk_ecumenical_altar_inner_sanctum
D:3:      layout_loops_ring, nemelex_spade_bored_becter,
          overflow_temple_1_default, nicolae_overflow_hidden_temple, minitemple,
          lemuel_coloured_pillars_altar, gup_sewer_entry_bowl,
          grunt_ministairs_11, uniq_robin

Skill      XL: |  1  2 |
---------------+-------+-----
Fire Magic     | 3 |  3.6
Conjurations   | 2 |  2.7
Dodging        | |  1.7
Stealth        | |  1.7
Spellcasting   | |  2.0

Action                   || total
-------------------------++-------
Melee: Unarmed           ||     1
       Hand axe          ||     9
 Cast: Foxfire           ||    47
  Use: Scroll            ||     5
       Potion            ||     2
 Stab: Sleeping          ||     1
Armor: Robe              ||     6
       Skin              ||     4
Dodge: Dodged            ||    14

Table legend: (Time is in decaauts)
 A = Elapsed time spent in this place.
 B = Non-inter-level travel time spent in this place.
 C = Inter-level travel time spent in this place.
 D = Time resting spent in this place.
 E = Time spent auto-exploring this place.
 F = Levels seen in this place.
 G = Mean time per level.
                   A        B        C        D        E       F      G
               +--------+--------+--------+--------+--------+-----+--------+
         Total |   1731 |   1679 |     52 |     31 |   1429 |   3 |  577.0 |
       Dungeon |   1731 |   1679 |     52 |     31 |   1429 |   3 |  577.0 |
               +--------+--------+--------+--------+--------+-----+--------+

Top non-repeatable levels by time:
     D:1: 1529 daAuts
     D:2: 170 daAuts
     D:3: 31 daAuts
